 Dungeon Crawl Stone Soup version 0.30.1-3-gfc49f6343a (webtiles) character file.

Game seed: 871761671449068855

8 shmup the Firebug (level 2, 0/15 HPs)
             Began as a Tengu Fire Elementalist on July 19, 2023.
             Slain by Natasha (9 damage)
             ... on level 2 of the Dungeon.
             The game lasted 00:02:03 (367 turns).

shmup the Firebug (Tengu Fire Elementalist)          Turns: 367, Time: 00:02:03

Health: 0/15       AC:  2    Str:  8    XL:     2   Next: 8%
Magic:  5/6        EV: 12    Int: 15    God:
Gold:   51         SH:  0    Dex: 14    Spells: 2/5 levels left

rFire   . . .        d - +0 dagger
rCold   . . .        (no shield)
rNeg    . . .        a - +0 robe
rPois   .            (helmet restricted)
rElec   .            (no cloak)
rCorr   .            (no gloves)
SInv    .            (boots unavailable)
Will    .....        (no amulet)
Stlth   ++           (no ring)
HPRegen 0.22/turn    (no ring)
MPRegen 0.10/turn

%: no passive effects
@: slowed, very slow
A: beak, talons 3
a: no special abilities


You were on level 2 of the Dungeon.
You visited 1 branch of the dungeon, and saw 2 of its levels.

You collected 51 gold pieces.

Inventory:

Hand Weapons
 d - a +0 dagger (weapon)
Missiles
 e - 2 atropa-tipped darts (quivered)
Armour
 a - a +0 robe (worn)
Scrolls
 g - a scroll of vulnerability {unknown}
 h - a scroll of teleportation {unknown}
Potions
 b - a potion of magic
 c - a potion of resistance {unknown}
 f - a potion of flight {unknown}


   Skills:
 - Level 2.1 Dodging
 - Level 2.0 Stealth
 - Level 2.0 Spellcasting
 + Level 1.9 Conjurations
 * Level 3.7 Fire Magic


You had 2 spell levels left.
You knew the following spells:

 Your Spells              Type           Power      Damage    Failure   Level
a - Foxfire               Conj/Fire      40%        2x1d6     7%          1
b - Scorch                Fire           24%        2d6       7%          2

Your spell library contained the following spells:

 Spells                   Type           Power      Damage    Failure   Level
 Inner Flame              Hex/Fire       7%         N/A       30%         3
 Volatile Blastmotes      Fire/Tloc      14%        2d11      30%         3
 Flame Wave               Conj/Fire      10%        2d6       56%         4


Dungeon Overview and Level Annotations

Branches:
Dungeon (2/15)

Altars:

Annotations:
D:2 Natasha


Innate Abilities, Weirdness & Mutations

You have a beak for a mouth.
You have claws for feet.


Message History

You open the door.
There is an open door here.
You open the door.
There is an open door here.
You open the door.
There is an open door here.
Found a stone staircase leading down.
Found a throwing net.
Natasha, Servant of Life and Death comes into view.
Casting: Foxfire (safe; 7% risk of failure)
Confirm with . or Enter, or press ? or * to list all spells.
You conjure some foxfire!
The foxfire hits Natasha.
Natasha is lightly wounded.
Natasha hisses angrily.
The foxfire hits Natasha but does no damage.
Natasha is lightly wounded.
Natasha casts a spell at you.
You feel yourself slow down.
Casting: Foxfire (safe; 7% risk of failure)
Confirm with . or Enter, or press ? or * to list all spells.
You conjure some foxfire!
Natasha casts a spell.
The foxfire hits Natasha.
Natasha is moderately wounded.
The foxfire hits Natasha.
Natasha is heavily wounded.
Natasha casts a spell at you.
You feel as though you will be slow longer.
Natasha attacks as you move away! Natasha claws you.
The cerulean imp hits you but does no damage.
Natasha claws you but does no damage. Natasha attacks as you move away!
Natasha claws you.
* * * LOW HITPOINT WARNING * * *
Natasha mumbles some strange words.
Natasha's front paws start to glow.
Natasha barely misses you. The cerulean imp barely misses you.
Natasha attacks as you move away! Natasha claws you!
Ouch! That really hurt!
You die...

.▒......▒ ▒.▒
.▒......▒▒▒▒'▒▒▒
.▒.............▒
.▒▒▒▒..........▒▒
▒▒ ▒▒.........▒
▒.........▒▒ ▒
▒▒▒▒▒▒▒▒▒..▒ .▒
▒▒.▒ 5▒ ▒ ▒Q▒
▒.▒.▒ ▒h▒ ....▒
▒5▒▒▒.(▒ ▒....>.▒
▒▒▒▒▒....+ ..▒▒▒
..▒ ..▒ ..▒


You could see Natasha and a cerulean imp (summoned).

Vanquished Creatures
  An endoplasm (D:1)
  2 giant cockroaches
  A goblin (D:2)
  2 bats (D:2)
  2 frilled lizards (D:2)
8 creatures vanquished.

Vanquished Creatures (others)
  29 foxfires
29 creatures vanquished.

Grand Total: 37 creatures vanquished

Notes
Turn   | Place    | Note
-------+----------+-------------------------------------------
     0 | D:1      | shmup the Tengu Fire Elementalist began the quest for the
                  | Orb.
     0 | D:1      | Reached XP level 1. HP: 10/10 MP: 4/4
   126 | D:1      | You fall into a shaft and drop 1 floor!
   235 | D:2      | Reached XP level 2. HP: 15/15 MP: 4/6
   238 | D:2      | Learned a level 2 spell: Scorch
   357 | D:2      | Noticed Natasha
   367 | D:2      | Slain by Natasha

Illustrated notes

Levels and vault maps discovered:
D:1:      dpeg_arrival_rooms_c, layout_loops_ring
D:2:      layout_basic, uniq_jessica, uniq_natasha

Action                     || total
---------------------------++-------
   Cast: Foxfire           ||    16
 Armour: Robe              ||     5
  Dodge: Dodged            ||    14
